 Dungeon Crawl Stone Soup version 0.27-a0-607-g1ad3dbde53 (webtiles) character file.

Game seed: 17645486653302937357

690 Gaff the Skirmisher (level 7, -2/72 HPs)
             Began as an Ogre Warper on Mar 13, 2021.
             Was a Believer of Zin.
             Slain by a sky beast (6 damage)
             ... on level 6 of the Dungeon.
             The game lasted 00:16:45 (5646 turns).

Gaff the Skirmisher (Ogre Warper)                   Turns: 5646, Time: 00:16:45

Health: -2/72      AC:  4    Str: 18    XL:     7   Next: 63%
Magic:  9/13       EV: 14    Int: 14    God:    Zin [**....]
Gold:   152        SH:  0    Dex:  8    Spells: 2/14 levels left

rFire    . . .     SeeInvis .   a - +0 mace
rCold    . . .     Faith    .   (no shield)
rNeg     . . .     Spirit   .   A - +1 robe {Archmagi}
rPois    .         Reflect  .   (helmet restricted)
rElec    .         Harm     .   (no cloak)
rCorr    .         Rampage  .   (gloves unavailable)
Will     +....                  (boots unavailable)
Stlth    +.........             t - amulet of regeneration
HPRegen  1.22/turn              j - +4 ring of evasion
MPRegen  0.13/turn              u - ring of willpower

@: no status effects
A: large, unfitting armour, tough skin 1
a: Renounce Religion, Recite, Vitalisation, Donate Gold


You were on level 6 of the Dungeon.
You worshipped Zin.
Zin was pleased with you.
You visited 2 branches of the dungeon, and saw 7 of its levels.

You collected 168 gold pieces.
You donated 16 gold pieces to Zin.

Inventory:

Hand Weapons
 a - a +0 mace (weapon)
Missiles
 e - 5 boomerangs of dispersal (quivered)
 p - 33 poisoned darts
Armour
 b - a +0 robe
 A - a +1 robe of the Archmagi (worn)
Jewellery
 g - a ring of protection from cold
 h - an amulet of the acrobat
 j - a +4 ring of evasion (right hand)
 q - a ring of positive energy
 t - an amulet of regeneration (around neck)
 u - a ring of willpower (left hand)
 y - a ring of see invisible
Scrolls
 c - 2 scrolls of immolation
 d - a scroll of blinking
 i - 2 scrolls of magic mapping {unknown}
 k - 2 scrolls of enchant weapon
 l - 2 scrolls of amnesia
 n - 2 scrolls of teleportation
 w - 2 scrolls of random uselessness
Potions
 f - a potion of mutation {unknown}
 m - a potion of haste {unknown}
 o - a potion of resistance {unknown}
 r - a potion of cancellation {unknown}
 s - a potion of invisibility
 v - 2 potions of attraction
 x - 2 potions of degeneration
 z - a potion of heal wounds
 B - a potion of lignification {unknown}


   Skills:
 + Level 5.1 Fighting
 + Level 3.4 Maces & Flails
 - Level 1.0 Throwing
 + Level 3.9 Dodging
 + Level 4.4 Spellcasting
 + Level 3.9 Translocations
 + Level 2.7 Invocations


You had 2 spell levels left.
You knew the following spells:

 Your Spells              Type           Power      Damage    Failure   Level
a - Blink                 Tloc           N/A        N/A       5%          2
b - Gell's Gravitas       Tloc           10%        N/A       11%         3
c - Teleport Other        Tloc           21%        N/A       11%         3
d - Manifold Assault      Tloc           21%        N/A       36%         4

Your spell library contained the following spells:

 Spells                   Type           Power      Damage    Failure   Level
 Lesser Beckoning         Tloc           10%        N/A       11%         3


Dungeon Overview and Level Annotations

Branches:
Dungeon (6/15)             Temple (1/1) D:5

Altars:
Ashenzari
Cheibriados
Elyvilon
Fedhas
Gozag
Kikubaaqudgha
Makhleb
Nemelex Xobeh
Okawaru
Qazlal
Ru
Sif Muna
Uskayaw
Vehumet
Wu Jian
Xom
Yredelemnul
Zin
The Shining One

Annotations:
D:3 Natasha
D:4 1 runed translucent door, stripedtigrrr's ghost, amateur OpDe


Innate Abilities, Weirdness & Mutations

You are too large for most types of armour.
You have tough skin. (AC +1)


Message History

* * * LOW HITPOINT WARNING * * *
You barely miss something.
A sky beast appears from thin air!
Reactivating autopickup.
The sky beast barely misses you.
You closely miss the sky beast.
The sky beast is heavily wounded.
The sky beast closely misses you.
You hit the sky beast.
The sky beast is severely wounded.
The sky beast hits you.
* * * LOW HITPOINT WARNING * * *
The sky beast shocks you.
* * * LOW HITPOINT WARNING * * *
The sky beast flickers out of sight!
Deactivating autopickup; reactivate with Ctrl-A.
Something hits you.
* * * LOW HITPOINT WARNING * * *
Something shocks you.
* * * LOW HITPOINT WARNING * * *
You closely miss something. Something hits you.
* * * LOW HITPOINT WARNING * * *
Something shocks you.
* * * LOW HITPOINT WARNING * * *
You miss something. Something hits you.
* * * LOW HITPOINT WARNING * * *
Something shocks you.
* * * LOW HITPOINT WARNING * * *
Casting: Manifold Assault (quite dangerous; 36% risk of failure)
Confirm with . or Enter, or press ? or * to list all spells.
You feel a surge of power!
You blink.
Casting: Blink (safe; 5% risk of failure)
Confirm with . or Enter, or press ? or * to list all spells.
You feel a surge of power!
You blink.
Something hits you.
* * * LOW HITPOINT WARNING * * *
Something shocks you.
* * * LOW HITPOINT WARNING * * *
You closely miss something. Something hits you.
* * * LOW HITPOINT WARNING * * *
Something shocks you.
You die...

############
#......@...+
#.##########
#.#..
#.#.#######.
#.#.#.......
#.#.)....#..
#.#.........
#.#.........
#.#.........


There were no monsters in sight!

Vanquished Creatures
  Sigmund (D:5)
  2 scorpions
  A howler monkey (D:4)
  A crimson imp (D:4)
  An orc priest (D:5)
  A hound (D:5)
  A jelly (D:5)
  Jessica (D:3)
  A worker ant (D:4)
  4 gnolls
  5 adders
  A white imp (D:6)
  An ooze (D:5)
  6 worms
  2 dart slugs
  5 leopard geckos
  4 orcs
  5 ball pythons
  5 giant cockroaches
  6 goblins
  9 hobgoblins
  4 jackals (D:1)
  5 kobolds
  2 quokkas
  15 bats
  7 frilled lizards
  A goblin zombie (D:4)
  2 hobgoblin zombies (D:4)
  A kobold skeleton (D:4)
  2 orc skeletons (D:4)
  2 orc zombies (D:4)
  A quokka skeleton (D:4)
  8 rats
113 creatures vanquished.

Notes
Turn   | Place    | Note
-------+----------+-------------------------------------------
     0 | D:1      | Gaff the Ogre Warper began the quest for the Orb.
     0 | D:1      | Reached XP level 1. HP: 22/22 MP: 3/3
   229 | D:1      | Reached XP level 2. HP: 17/29 MP: 5/5
   436 | D:1      | Reached skill level 3 in Fighting
  1077 | D:1      | Reached XP level 3. HP: 37/37 MP: 7/7
  1107 | D:1      | Learned a level 2 spell: Blink
  2109 | D:2      | Noticed an angel
  2110 | D:2      | Found a glowing silver altar of Zin.
  2113 | D:2      | Found a shimmering altar of Xom.
  2177 | D:2      | Became a worshipper of Zin the Law-Giver
  2289 | D:2      | Found a broken altar of Ashenzari.
  2304 | D:2      | Found a burning altar of Makhleb.
  2470 | D:2      | Reached XP level 4. HP: 33/45 MP: 8/8
  2479 | D:2      | Learned a level 3 spell: Gell's Gravitas
  2597 | D:2      | Found a faded altar of an unknown god.
  2857 | D:3      | Reached * piety under Zin
  3110 | D:3      | Reached XP level 5. HP: 54/54 MP: 9/9
  3473 | D:3      | Found a hide-covered altar of Uskayaw.
  3473 | D:3      | Noticed Jessica
  3481 | D:3      | Killed Jessica
  3482 | D:3      | Reached skill level 4 in Fighting
  3482 | D:3      | Reached skill level 1 in Invocations
  3652 | D:3      | Noticed Natasha
  3682 | D:5      | Entered Level 5 of the Dungeon
  3735 | D:5      | Reached XP level 6. HP: 49/62 MP: 11/11
  3797 | D:4      | Noticed a yak
  3797 | D:4      | Noticed a yak
  3797 | D:4      | Noticed a yak
  4138 | D:5      | Noticed Sigmund
  4171 | D:4      | Found a runed translucent door.
  4171 | D:4      | Noticed stripedtigrrr's ghost (amateur OpDe)
  4218 | D:4      | Learned a level 3 spell: Teleport Other
  4415 | D:4      | Reached ** piety under Zin
  4574 | D:4      | Found a glowing golden altar of the Shining One.
  4741 | D:4      | Reached XP level 7. HP: 46/71 MP: 11/13
  5122 | D:5      | Found a staircase to the Ecumenical Temple.
  5128 | Temple   | Entered the Ecumenical Temple
  5298 | D:5      | Killed Sigmund
  5299 | D:5      | Reached skill level 5 in Fighting
  5316 | D:5      | Learned a level 4 spell: Manifold Assault
  5365 | D:5      | Found a stormy altar of Qazlal.
  5646 | D:6      | Slain by a sky beast

Illustrated notes

Levels and vault maps discovered:
D:1:      lemuel_arrival_tunnels, layout_basic, minmay_split_cup_small
D:2:      kennysheep_six_static_rooms, layout_rooms,
          grunt_temple_overflow_order_and_chaos_1,
          amethyst_overflow_temple_binary, chequers_ecumenical_altar_island
D:3:      minmay_chambers_of_threes, layout_loops_ring, lemuel_doored_altar,
          uniq_jessica, uniq_natasha
D:4:      layout_cave_pods, hellmonk_ghost_happy_afterlife,
          nicolae_tso_besieged_by_evil
D:5:      layout_basic, kennysheep_little_box, minmay_temple_entry_fiery,
          uniq_sigmund
D:6:      layout_basic
Temple:   cyrus_circular_temple

Skill      XL: |  1  2  3  4  5  6  7 |
---------------+----------------------+-----
Fighting       | 3 4 5 |  5.1
Maces & Flails | 2 3 |  3.4
Translocations | 3 |  3.9
Spellcasting   | 3 4 |  4.4
Dodging        | 3 |  3.9
Invocations    | 1 2 |  2.7
Throwing       | |  1.0

Action                   |  1- 3 |  4- 6 |  7- 9 || total
-------------------------+-------+-------+-------++-------
Melee: Mace              |   191 |   314 |    68 ||   573
 Cast: Blink             |       |     5 |     2 ||     7
  Use: Scroll            |       |     8 |     1 ||     9
 Stab: Sleeping          |     1 |       |       ||     1
Armor: Robe              |    87 |    58 |     8 ||   153
Dodge: Dodged            |   135 |   302 |    44 ||   481

Table legend: (Time is in decaauts)
 A = Elapsed time spent in this place.
 B = Non-inter-level travel time spent in this place.
 C = Inter-level travel time spent in this place.
 D = Time resting spent in this place.
 E = Time spent auto-exploring this place.
 F = Levels seen in this place.
 G = Mean time per level.
                   A        B        C        D        E       F      G
               +--------+--------+--------+--------+--------+-----+--------+
         Total |   5812 |   5659 |    153 |   1206 |   2497 |   7 |  830.3 |
       Dungeon |   5759 |   5614 |    145 |   1206 |   2454 |   6 |  959.8 |
        Temple |     52 |     44 |      8 |      0 |     43 |   1 |   52.0 |
               +--------+--------+--------+--------+--------+-----+--------+

Top non-repeatable levels by time:
     D:1: 1819 daAuts
     D:2: 1172 daAuts
     D:4: 1006 daAuts
     D:5: 841 daAuts
     D:3: 779 daAuts
     D:6: 139 daAuts
  Temple: 52 daAuts
